 Dungeon Crawl Stone Soup version 0.28-a0-514-g0d7ab7f379 (webtiles) character file.

Game seed: 3528633641479849631

128 bande the Covered (level 5, -4/33 HPs)
             Began as a Gargoyle Fighter on Sept 23, 2021.
             Slain by Purgy (6 damage)
             ... in a sewer.
             The game lasted 00:05:37 (3279 turns).

bande the Covered (Gargoyle Fighter)                Turns: 3279, Time: 00:05:37

Health: -4/33      AC: 15    Str: 21    XL:     5   Next: 12%
Magic:  5/5        EV:  7    Int:  8    God:
Gold:   110        SH:  4    Dex:  9    Spells: 4/4 levels left

rFire   . . .      SeeInvis .   a - +0 war axe
rCold   . . .      Faith    .   c - +0 buckler
rNeg    + + .      Spirit   .   f - +0 chain mail
rPois   ∞          Reflect  .   h - +1 helmet
rElec   +          Harm     .   (no cloak)
rCorr   .          Rampage  .   (no gloves)
Will    .....                   (no boots)
Stlth   ..........              (no amulet)
HPRegen 0.11/turn               g - ring of positive energy
MPRegen 0.09/turn               (no ring)

@: mighty
A: sickness immunity, AC +4, negative energy resistance 1, electricity
resistance, torment resistance 1, petrification resistance
a: no special abilities


You were in a sewer.
You visited 1 branch of the dungeon, and saw 3 of its levels.
You also visited: Sewer.

You collected 110 gold pieces.

Inventory:

Hand Weapons
 a - a +0 war axe (weapon)
Armour
 c - a +0 buckler (worn)
 f - a +0 chain mail (worn)
 h - a +1 helmet (worn)
Jewellery
 g - a ring of positive energy (left hand)
Scrolls
 b - a scroll of identify
Potions
 e - a potion of flight


   Skills:
 + Level 3.8 Fighting
 + Level 3.3 Axes
 + Level 4.2 Armour
 - Level 0.2 Dodging
 + Level 3.8 Shields


You had 4 spell levels left.
You didn't know any spells.
Your spell library contained the following spells:

 Spells                   Type           Power      Damage    Failure   Level
 Animate Skeleton         Necr           0%         N/A       99%         1
 Apportation              Tloc           0%         N/A       99%         1
 Summon Small Mammal      Summ           0%         N/A       99%         1


Dungeon Overview and Level Annotations

Branches:
Dungeon (3/15)              Sewer (1/1)

Altars:

Annotations:
Sewer Purgy


Innate Abilities, Weirdness & Mutations

You are immune to sickness and miasma.
Your stone body is resilient. (AC +4)
You are immune to poison.
You resist negative energy. (rN+)
You are resistant to electric shocks. (rElec)
You are resistant to unholy torment.
You are immune to petrification.


Message History

Purgy bites you but does no damage. You block Purgy's attack.
Purgy claws you but does no damage.
Your chain mail prevents you from hitting Purgy.
Purgy is moderately wounded.
Purgy bites you but does no damage. Purgy barely misses you. x2
You closely miss Purgy.
Purgy is lightly wounded.
Purgy bites you but does no damage. Purgy claws you.
Purgy claws you but does no damage. You block Purgy's attack.
Purgy claws you but does no damage. x2
You barely miss Purgy.
Purgy is lightly wounded.
Purgy barely misses you. Purgy claws you but does no damage. x2
You closely miss Purgy.
Purgy is lightly wounded.
Purgy barely misses you. Purgy closely misses you. Purgy claws you.
You slash Purgy!
Purgy is heavily wounded.
Purgy bites you but does no damage. Purgy claws you but does no damage.
Purgy closely misses you. Purgy bites you. You block Purgy's attack.
Purgy claws you.
You hit Purgy.
Purgy is heavily wounded.
Purgy snarls, "My home!
Leave!"
Purgy bites you but does no damage. Purgy claws you but does no damage.
Purgy claws you.
You barely miss Purgy.
Purgy is heavily wounded.
Purgy bites you but does no damage. Purgy barely misses you. Purgy claws you.
* * * LOW HITPOINT WARNING * * *
You closely miss Purgy.
Purgy is heavily wounded.
Purgy closely misses you. Purgy claws you.
* * * LOW HITPOINT WARNING * * *
Purgy claws you but does no damage. Purgy bites you.
* * * LOW HITPOINT WARNING * * *
Purgy claws you but does no damage. x2
You feel very mighty all of a sudden. Purgy bites you.
You die...

#÷≈≈≈≈≈.#
#..≈≈≈..#
#...≈...#
##.....## ##...##
##.## #.# #.# #@#
. #T# ... #.#
.....####.########
.................∩
.....#############
... .


You could see Purgy.

Vanquished Creatures
  Natasha (D:3)
  Robin (D:2)
  3 adders
  3 worms
  A dart slug (D:2)
  10 bats
  2 endoplasms
  2 giant cockroaches
  12 goblins
  6 hobgoblins
  2 quokkas (D:1)
  4 ball pythons
  3 frilled lizards
  3 kobolds (D:1)
  2 rats
55 creatures vanquished.

Vanquished Creatures (others)
  2 withered plants (D:3)
2 creatures vanquished.

Grand Total: 57 creatures vanquished

Notes
Turn   | Place    | Note
-------+----------+-------------------------------------------
     0 | D:1      | bande the Gargoyle Fighter began the quest for the Orb.
     0 | D:1      | Reached XP level 1. HP: 14/14 MP: 1/1
   478 | D:1      | Reached XP level 2. HP: 18/19 MP: 2/2
  1694 | D:2      | Reached XP level 3. HP: 23/23 MP: 3/3
  2005 | D:2      | Noticed Robin
  2022 | D:2      | Killed Robin
  2445 | D:2      | Reached XP level 4. HP: 24/29 MP: 4/4
  2605 | D:2      | Reached skill level 4 in Armour
  2901 | D:3      | Noticed Natasha
  2912 | D:3      | Killed Natasha
  3000 | D:3      | Found a glowing drain.
  3006 | D:3      | Reached XP level 5. HP: 24/33 MP: 5/5
  3026 | Sewer    | Entered a sewer
  3255 | Sewer    | Noticed Purgy
  3279 | Sewer    | Slain by Purgy

Illustrated notes

Levels and vault maps discovered:
D:1:      evilmike_arrival_plus, layout_basic, minmay_misc_feat_ornament,
          minmay_stone_trees_medium, minmay_misc_feat_room,
          corexii_leaking_fountain, minmay_liquid_box, minivault_4
D:2:      layout_loops_ring, minmay_puff, uniq_robin
D:3:      layout_rooms, cheibrodos_sewer_entry_bend, serial_undead,
          serial_undead_a, serial_undead_f, serial_undead_c, serial_undead_d,
          uniq_natasha, uniq_crazy_yiuf_cottage
Sewer:    sewer_big_baddie

Skill      XL: |  1  2  3  4 |
---------------+-------------+-----
Axes           | 2 3 |  3.3
Armour         | 4 |  4.2
Fighting       | |  3.8
Dodging        | |  0.2
Shields        | |  3.8

Action                   |  1- 3 |  4- 6 || total
-------------------------+-------+-------++-------
Melee: War axe           |   115 |    77 ||   192
  Use: Potion            |     3 |     1 ||     4
       Scroll            |     5 |     2 ||     7
Armor: Scale mail        |    84 |       ||    84
       Chain mail        |       |   125 ||   125
Dodge: Dodged            |    64 |    61 ||   125
Block: Buckler           |    25 |    27 ||    52

Table legend: (Time is in decaauts)
 A = Elapsed time spent in this place.
 B = Non-inter-level travel time spent in this place.
 C = Inter-level travel time spent in this place.
 D = Time resting spent in this place.
 E = Time spent auto-exploring this place.
 F = Levels seen in this place.
 G = Mean time per level.
                   A        B        C        D        E       F      G
               +--------+--------+--------+--------+--------+-----+--------+
         Total |   3360 |   3360 |      0 |   1022 |   1594 |   4 |  840.0 |
       Dungeon |   3094 |   3094 |      0 |    868 |   1583 |   3 | 1031.3 |
         Sewer |    266 |    266 |      0 |    154 |     11 |   1 |  266.0 |
               +--------+--------+--------+--------+--------+-----+--------+

Top non-repeatable levels by time:
     D:2: 1907 daAuts
     D:1: 1048 daAuts
   Sewer: 266 daAuts
     D:3: 138 daAuts
